 Dungeon Crawl Stone Soup version 0.29-a0-359-g541a27f54d (webtiles) character file.

Game seed: 9333529537487618972

109 klau3 the Skirmisher (level 4, -2/49 HPs)
             Began as an Ogre Berserker on Apr 27, 2022.
             Was a Believer of Trog.
             Slain by a bullfrog skeleton (4 damage)
             ... on level 4 of the Dungeon.
             The game lasted 00:09:31 (3162 turns).

klau3 the Skirmisher (Ogre Berserker)               Turns: 3162, Time: 00:09:31

Health: -2/49      AC:  3    Str: 23    XL:     4   Next: 89%
Magic:  4/4        EV: 10    Int:  8    God:    Trog [**....]
Gold:   42         SH:  0    Dex:  8    Spells: 3/3 levels left

rFire   . . .      SeeInvis .   q - +2 mace (vorpal)
rCold   . . .      Faith    .   (no shield)
rNeg    . . .      Spirit   .   n - +0 robe
rPois   .          Reflect  .   v - +0 hat
rElec   .          Harm     .   (no cloak)
rCorr   .          Rampage  .   (gloves unavailable)
Will    +....      Clarity  +   (boots unavailable)
Stlth   +.........              (no amulet)
HPRegen 0.16/turn               p - ring of wizardry
MPRegen 0.09/turn               (no ring)

@: no status effects
A: large, unfitting armour, tough skin 1, clarity, strong-willed 1
a: Renounce Religion, Berserk, Trog's Hand


You were on level 4 of the Dungeon.
You worshipped Trog.
Trog was pleased with you.
You visited 1 branch of the dungeon, and saw 4 of its levels.

You collected 98 gold pieces.
You spent 56 gold pieces at shops.

Inventory:

Hand Weapons
 a - a +0 hand axe
 m - a +2 dagger of protection
 q - a +2 vorpal mace (weapon)
 y - a +1 antimagic great sword
 z - a +0 hand crossbow
 B - a +1 dagger of holy wrath
 F - a +1 dagger of pain
Missiles
 f - 110 stones (quivered)
 k - 6 poisoned darts
Armour
 b - a +0 animal skin
 g - a +0 ring mail
 n - a +0 robe (worn)
 t - the +5 ring mail of the Evening Star {Str+4}
   (You found it on level 2 of the Dungeon)

   Str:       It affects your strength (+4).
 v - a +0 hat (worn)
 C - a +0 pair of boots
Jewellery
 p - a ring of wizardry (left hand)
 s - a ring of fire
 x - a ring of protection from cold
 A - a ring of ice
 D - a ring of fire
Scrolls
 l - a scroll of immolation {unknown}
 u - a scroll of blinking {unknown}
 w - 2 scrolls of teleportation
Potions
 c - a potion of haste {unknown}
 d - 2 potions of attraction {unknown}
 e - a potion of magic {unknown}
 h - a potion of invisibility {unknown}
 i - a potion of mutation
 j - 3 potions of curing
 o - 2 potions of brilliance {unknown}
 r - a potion of lignification {unknown}
 E - a potion of cancellation {unknown}
 G - a potion of ambrosia {unknown}


   Skills:
 + Level 4.8 Fighting
 + Level 3.9(4.0) Axes
 + Level 1.1(2.5) Maces & Flails
 + Level 3.5 Dodging
 + Level 0.2 Stealth


You had 3 spell levels left.
You didn't know any spells.
Your spell library was empty.

Dungeon Overview and Level Annotations

Branches:
Dungeon (4/15)
 Temple: D:4-7

Altars:

Shops:
D:4 ![

Annotations:
D:3 2 runed translucent doors, HendSelp's ghost, weakling VSGl
D:4 domi's ghost, amateur DsWz


Innate Abilities, Weirdness & Mutations

You are too large for most types of armour.
You have tough skin. (AC +1)
You possess an exceptional clarity of mind.
You are strong-willed. (Will+)


Message History

Trog accepts your kill. The endoplasm closely misses you.
Things that are here:
a +1 dagger of pain; a goblin corpse You hit the endoplasm.
You kill the endoplasm!
Trog accepts your kill.
Things that are here:
a +1 dagger of pain; a goblin corpse
F - a +1 dagger of pain
G - a pink potion
There are no items here.
j - 3 potions of curing (gained 1)
There are no items here.
Found a scimitar and 13 gold pieces.
Domi's ghost turns its malevolent gaze towards you.
You open the gate.
Domi's ghost mumbles some strange words.
Domi's ghost blinks!
You sock the bullfrog skeleton!
The bullfrog skeleton is heavily damaged.
The bullfrog skeleton hits you. The hornet zombie hits you. x2
The bullfrog skeleton hits you.
You hit the bullfrog skeleton.
The bullfrog skeleton is severely damaged.
The hornet zombie barely misses you. The bullfrog skeleton misses you.
You hit the bullfrog skeleton.
The bullfrog skeleton is severely damaged.
The hornet zombie hits you! The bullfrog skeleton hits you.
The hornet zombie hits you!
* * * LOW HITPOINT WARNING * * *
You barely miss domi's ghost. The hornet zombie barely misses you.
The hornet zombie hits you.
* * * LOW HITPOINT WARNING * * *
Domi's ghost hits you.
* * * LOW HITPOINT WARNING * * *
You hit the bullfrog skeleton.
The bullfrog skeleton is almost destroyed.
The hornet zombie closely misses you. The bullfrog skeleton hits you.
You die...

##........## .....
#...##.).### ......
#.......†..####...
#...#..#........^..
#..................
#..#....#......### #
#...............#.#.#.#
#..#......#.....#.....#
#..............@WZ...#
##########...ZZ...).#
#....'...$##
.......#.....#
#..######.#.#.# #..
##### # #. ..


You could see domi's ghost, a water moccasin zombie, a hornet zombie and a
bullfrog skeleton.

Vanquished Creatures
  4 adders
  2 worms (D:2)
  A dart slug (D:2)
  11 ball pythons
  14 bats
  8 endoplasms
  5 goblins
  4 hobgoblins
  A quokka (D:3)
  3 frilled lizards (D:1)
  9 kobolds
  4 rats
66 creatures vanquished.

Notes
Turn   | Place    | Note
-------+----------+-------------------------------------------
     0 | D:1      | klau3 the Ogre Berserker began the quest for the Orb.
     0 | D:1      | Reached XP level 1. HP: 24/24 MP: 1/1
   121 | D:1      | Reached XP level 2. HP: 31/32 MP: 2/2
   684 | D:1      | Found a faded altar of an unknown god.
   770 | D:1      | Reached XP level 3. HP: 26/40 MP: 3/3
  1199 | D:2      | Reached ** piety under Trog
  1409 | D:2      | Identified the +5 ring mail of the Evening Star {Str+4}
  1726 | D:2      | Reached XP level 4. HP: 49/49 MP: 4/4
  2053 | D:3      | Found a large runed translucent door.
  2053 | D:3      | Found a large runed translucent door.
  2056 | D:3      | Noticed HendSelp's ghost (weakling VSGl)
  2523 | D:3      | Reached skill level 1 in Maces & Flails
  3015 | D:4      | Found Epokourch's Distillery.
  3041 | D:4      | Gained mutation: Your spells are a little harder to cast,
                  | but a little more powerful. [potion of mutation]
  3041 | D:4      | Gained mutation: You have sharp toenails. [potion of
                  | mutation]
  3053 | D:4      | Lost mutation: Your spells are a little harder to cast, but
                  | a little more powerful. [potion of mutation]
  3053 | D:4      | Lost mutation: You have sharp toenails. [potion of
                  | mutation]
  3053 | D:4      | Gained mutation: You are strong-willed. (Will+) [potion of
                  | mutation]
  3053 | D:4      | Gained mutation: You possess an exceptional clarity of
                  | mind. [potion of mutation]
  3068 | D:4      | Found Jyiginuph's Armour Emporium.
  3071 | D:4      | Bought a +0 hat for 56 gold pieces
  3120 | D:4      | Found a runed translucent gate.
  3122 | D:4      | Found a runed translucent gate.
  3124 | D:4      | Found a runed translucent gate.
  3155 | D:4      | Noticed domi's ghost (amateur DsWz)
  3161 | D:4      | HP: 2/49 [domi's ghost (2)]
  3162 | D:4      | Slain by a bullfrog skeleton

Illustrated notes

Levels and vault maps discovered:
D:1:      dpeg_arrival_three_same_balls, layout_basic, basic_ecumenical_altar
D:2:      layout_rooms
D:3:      layout_loops_cross, ebering_ghost_disaster_area,
          hangedman_decor_clover_reticule, minmay_misc_feat_diagonals,
          kennysheep_crisscross
D:4:      layout_basic, gammafunk_ghost_necromancy, serial_shops,
          nicolae_stop_n_shop_1, nicolae_shop_behind_doors,
          nicolae_stop_n_shop_2, minmay_misc_feat_more_columns, minmay_distorted

Skill      XL: |  1  2  3  4 |
---------------+-------------+-----
Dodging        | 3 |  3.5
Maces & Flails | 1 |  1.1
Fighting       | |  4.8
Axes           | |  3.9
Stealth        | |  0.2

Action                   |  1- 3 |  4- 6 || total
-------------------------+-------+-------++-------
Melee: Hand axe          |    78 |       ||    78
       Mace              |    27 |    58 ||    85
       Punch             |       |     2 ||     2
Throw: Stone             |     1 |       ||     1
  Use: Scroll            |       |     3 ||     3
       Potion            |       |     2 ||     2
Armor: Animal skin       |    64 |       ||    64
       Robe              |    35 |    26 ||    61
       Skin              |     3 |       ||     3
Dodge: Dodged            |   151 |    44 ||   195

Table legend: (Time is in decaauts)
 A = Elapsed time spent in this place.
 B = Non-inter-level travel time spent in this place.
 C = Inter-level travel time spent in this place.
 D = Time resting spent in this place.
 E = Time spent auto-exploring this place.
 F = Levels seen in this place.
 G = Mean time per level.
                   A        B        C        D        E       F      G
               +--------+--------+--------+--------+--------+-----+--------+
         Total |   3196 |   2639 |    557 |    447 |   1552 |   4 |  799.0 |
       Dungeon |   3196 |   2639 |    557 |    447 |   1552 |   4 |  799.0 |
               +--------+--------+--------+--------+--------+-----+--------+

Top non-repeatable levels by time:
     D:1: 1205 daAuts
     D:3: 968 daAuts
     D:2: 872 daAuts
     D:4: 150 daAuts
